 Dungeon Crawl Stone Soup version 0.23.2-33-g5129a83184 (webtiles) character file.

Game seed: 276747382827545144

130 funkygono the Conjurer (level 4, -2/33 HPs)
             Began as a Draconian Conjurer on July 20, 2019.
             Slain by Mlkhall's ghost (5 damage)
             ... on level 3 of the Dungeon.
             The game lasted 00:06:12 (2941 turns).

funkygono the Conjurer (Draconian Conjurer)         Turns: 2941, Time: 00:06:13

Health: -2/33      AC:  5    Str: 11    XL:     4   Next: 90%
Magic:  2/8        EV: 12    Int: 21    God:
Gold:   150        SH:  0    Dex: 11    Spells: 2/8 levels left

rFire    . . .     SeeInvis .   h - +2 mace (drain)
rCold    . . .     Gourm    .   (no shield)
rNeg     . . .     Faith    .   (armour unavailable)
rPois    .         Spirit   .   (helmet restricted)
rElec    .         Reflect  .   (no cloak)
rCorr    .         Harm     .   (no gloves)
MR       .....                  (no boots)
Stlth    ++........             (no amulet)
HPRegen  0.11/turn              (no ring)
MPRegen  0.11/turn              (no ring)

@: brilliant
A: unfitting armour, cold-blooded, AC +5
a: no special abilities


You were on level 3 of the Dungeon.
You were not hungry.

You visited 1 branch of the dungeon, and saw 3 of its levels.

You collected 150 gold pieces.

Inventory:

Hand Weapons
 h - a +2 mace of draining (weapon)
Missiles
 c - 66 stones (quivered)
Scrolls
 j - a scroll of teleportation
 k - a scroll of enchant armour
 m - 2 scrolls of magic mapping
Potions
 e - 2 potions of curing
 f - 2 potions of mutation {unknown}
 i - a potion of might {unknown}
Comestibles
 b - 4 rations
 d - 6 chunks of flesh


   Skills:
 + Level 0.4 Maces & Flails
 + Level 2.1 Dodging
 + Level 2.0 Stealth
 + Level 2.7 Spellcasting
 + Level 5.6 Conjurations


You had 2 spell levels left.
You knew the following spells:

 Your Spells              Type           Power        Failure   Level  Hunger
a - Magic Dart            Conj           ####         1%          1    None
b - Searing Ray           Conj           #####.       1%          2    ##.....
c - Dazzling Spray        Conj/Hex       ####..       1%          3    ###....

Your spell library contained the following spells:

 Spells                   Type           Power        Failure   Level  Hunger
 Iskenderun's Mystic Bla  Conj           #####...     1%          4    ####...
 Force Lance              Conj/Tloc      ####....     5%          4    ####...
 Fulminant Prism          Conj/Hex       ####......   5%          4    ####...


Dungeon Overview and Level Annotations

Branches:
Dungeon (3/15)

Altars:
Dithmenos
Makhleb
Okawaru
Trog
Wu Jian

Annotations:
D:3 Mlkhall's ghost, amateur DrCj; Natasha


Innate Abilities, Weirdness & Mutations

Your plain brown scales are hard. (AC +5)
You cannot fit into any form of body armour.
You are cold-blooded and may be slowed by cold attacks.


Message History

Natasha claws you.
* * * LOW HITPOINT WARNING * * *
Some of the chunks of flesh in your inventory have rotted away.
Natasha misses you.
You see here a flail.
Natasha claws you!
* * * LOW HITPOINT WARNING * * *
Mlkhall's ghost casts a spell at you. The orb of energy misses you.
The orb of energy explodes!
A quokka comes into view.
The quokka barely misses you.
You barely miss the quokka.
Your tail-slap misses the quokka.
The quokka barely misses you.
Mlkhall's ghost gestures at you while chanting.
The magic dart hits you but does no damage.
You hit the quokka.
The quokka is severely wounded.
The quokka bites you but does no damage.
Mlkhall's ghost hits you.
You die...

#####.....# #.#
#.........###.####
#........##.......
#........##......#
#..).....##......# ..
#.##........##......#
..#....................
...#.#########.#########
#...hr@...# #......# #.
###.###W### #......# #.
#.###o# #÷.....# #.
#.###..##.#####......#
#.
#.........#..........#
#.
#....#.####..........#
## #.<..#..#
#.(...♣....# #
#....##.###....♣_♣.....
.
#......)o.......♣......


You could see Natasha, Mlkhall's ghost, an orc and a quokka.

Vanquished Creatures
  Natasha (D:3)
  An orc wizard (D:3)
  2 adders (D:3)
  2 worms
  2 dart slugs
  2 leopard geckos (D:2)
  2 orcs (D:3)
  A giant cockroach (D:2)
  7 goblins
  8 hobgoblins
  4 jackals
  A ball python (D:1)
  3 bats (D:1)
  A frilled lizard (D:3)
  5 kobolds
  8 rats
50 creatures vanquished.

Notes
Turn   | Place    | Note
-------+----------+-------------------------------------------
     0 | D:1      | funkygono the Draconian Conjurer began the quest for the
                  | Orb.
     0 | D:1      | Reached XP level 1. HP: 14/14 MP: 3/3
   277 | D:1      | Reached XP level 2. HP: 10/20 MP: 0/5
   761 | D:1      | Learned a level 2 spell: Searing Ray
  1357 | D:2      | Reached XP level 3. HP: 26/26 MP: 1/6
  1493 | D:2      | Learned a level 3 spell: Dazzling Spray
  1505 | D:2      | Found an ornate altar of the Wu Jian Council.
  1766 | D:2      | Found a shadowy altar of Dithmenos.
  1791 | D:2      | Reached skill level 5 in Conjurations
  1888 | D:2      | Found a bloodstained altar of Trog.
  1888 | D:2      | Found an iron altar of Okawaru.
  1888 | D:2      | Found a burning altar of Makhleb.
  2640 | D:3      | Reached XP level 4. HP: 21/33 MP: 1/7
  2819 | D:3      | Found a faded altar of an unknown god.
  2829 | D:3      | Noticed Natasha
  2834 | D:3      | Found a runed translucent gate.
  2834 | D:3      | Found a runed translucent gate.
  2834 | D:3      | Found a runed translucent gate.
  2837 | D:3      | Killed Natasha
  2908 | D:3      | Noticed Mlkhall's ghost (amateur DrCj)
  2919 | D:3      | Noticed Natasha
  2931 | D:3      | HP: 1/33 [Natasha (8)]
  2941 | D:3      | Slain by Mlkhall's ghost

Skill      XL: |  1  2  3  4 |
---------------+-------------+-----
Conjurations   | 5 |  5.6
Stealth        | 2 |  2.0
Dodging        | 2 |  2.1
Maces & Flails | |  0.4
Spellcasting   | |  2.7

Action                   |  1- 3 |  4- 6 || total
-------------------------+-------+-------++-------
Melee: Unarmed           |     7 |       ||     7
       Mace              |    20 |    12 ||    32
       Tailslap          |       |     1 ||     1
 Cast: Magic Dart        |    71 |    11 ||    82
       Searing Ray       |     4 |     3 ||     7
  Use: Scroll            |     8 |       ||     8
       Potion            |       |     4 ||     4
  Eat: Chunk             |     6 |     2 ||     8
Armor: Skin              |     9 |     5 ||    14
Dodge: Dodged            |    24 |    11 ||    35
